 Dungeon Sprint DCSS version 0.17-a0-1923-gc35365e (webtiles) character file.

8260 ololoev the Earth Mage (level 11, 6/60 HPs)
             Began as a Deep Elf Earth Elementalist on Sept 28, 2015.
             Was a High Priest of Vehumet.
             Quit the game in the Dungeon (Sprint I: "Red Sonja").
             The game lasted 00:11:54 (2925 turns).

ololoev the Earth Mage (DEEE)                       Turns: 2925, Time: 00:11:54

Health: 6/60       AC:  5    Str:  7    XL:     11   Next: 7%
Magic:  24/27      EV: 18    Int: 24    God:    Vehumet [*****.]
Gold:   612        SH:  0    Dex: 15    Spells: 4 memorised, 19 levels left

rFire  . . .     SeeInvis .     b - +0 blowgun
rCold  + . .     Rnd*Rage +     l - +0 robe
rNeg   . . .     SustAt   .     (no shield)
rPois  .         Gourm    .     (no helmet)
rElec  .         Spirit   .     (no cloak)
rCorr  .         Warding  .     (no gloves)
rMut   .         NoTele   +     d - +2 pair of boots {Stlth+}
MR     +....                    (no amulet)
Stlth  +++++.....               (no ring)
                                (no ring)

@: starving, somewhat resistant to hostile enchantments, quite stealthy
A: berserk 1, cold resistance 1, deterioration 1, low mp 1, strong 1
a: Renounce Religion


Innate Abilities, Weirdness & Mutations

You tend to lose your temper in combat.
Your flesh is cold resistant.
Your body sometimes deteriorates upon taking damage.
Your magical capacity is low (-10% MP).
Your muscles are strong. (Str +2)

Inventory:

Hand weapons
 b - a +0 blowgun (weapon)
 n - a +0 dagger of distortion
Missiles
 m - a curare-tipped needle (quivered)
Armour
 d - a +2 pair of boots of stealth (worn)
 l - a +0 robe (worn)
 p - the cursed +0 shield "Lioruz" {rF+ Regen+ Int+2 Dex-2}
   (You bought it in a shop in the Dungeon)

   It affects your intelligence (+2).
   It affects your dexterity (-2).
   It protects you from fire.
   It increases your rate of regeneration.
   It has a curse placed upon it.
Magical devices
 k - a wand of fire (4)
Scrolls
 j - a scroll of blinking
 o - a scroll of identify
Potions
 e - a potion of curing
 g - a potion of haste
 h - 2 potions of magic
 i - a potion of berserk rage
 q - a potion of agility
Books
 c - a book of Geomancy

   Spells                             Type                      Level
   a - Sandblast                      Earth                        1
   b - Stoneskin                      Transmutation/Earth          2
   c - Passwall                       Transmutation/Earth          3
   d - Stone Arrow                    Conjuration/Earth            3
   e - Petrify                        Transmutation/Earth          4
   f - Lee's Rapid Deconstruction     Earth                        5


   Skills:
 + Level 3.6 Fighting
 - Level 8.3 Short Blades
 + Level 10.2 Dodging
 - Level 8.3 Stealth
 * Level 5.3 Shields
 + Level 12.8 Spellcasting
 - Level 1.1 Transmutations
 + Level 20.4 Earth Magic


You had 19 spell levels left.
You knew the following spells:

 Your Spells              Type           Power        Failure   Level  Hunger
a - Sandblast             Erth           ######       0%          1    None
b - Petrify               Trmt/Erth      ######..     1%          4    None
c - Lee's Rapid Deconstr  Erth           #######...   1%          5    ###....
d - Iron Shot             Conj/Erth      ######....   3%          6    #####..
 You were in the Dungeon. You worshipped Vehumet. Vehumet was extremely pleased with you. You were starving. You visited 1 branch You collected 1071 gold pieces. You spent 459 gold pieces at shops. ####..##.#§≈§.§#..# .__##'#.§§§§§.§...# ∩...'..._#≈≈≈§§#..# .._##_.#+##'#####†### ___###)# #[((.###...# #####..####'###.###.# ....'...'.....'.∩##.# .####...###########.# ..####.###.....{@##§# ...#.#'#.#....((.§§.# ...#.....#+++######.# ...#.....# #§# #..####### +§# ...#           ###          ...#        ...# '###

Notes
Turn   | Place    | Note
--------------------------------------------------------------
     0 | D        | ololoev the Deep Elf Earth Elementalist began the quest for the Orb.
     0 | D        | Reached XP level 1. HP: 10/10 MP: 6/6
     1 | D        | Noticed Ijyb
    27 | D        | Killed Ijyb
    27 | D        | Reached skill level 7 in Earth Magic
    27 | D        | Reached XP level 2. HP: 4/15 MP: 0/8
   243 | D        | Noticed an ogre
   246 | D        | Killed an ogre
   246 | D        | Reached skill level 10 in Earth Magic
   246 | D        | Reached XP level 3. HP: 19/19 MP: 5/9
   246 | D        | Reached XP level 4. HP: 24/24 MP: 5/10
   288 | D        | Noticed Sigmund
   291 | D        | Killed Sigmund
   291 | D        | Reached skill level 13 in Earth Magic
   291 | D        | Reached XP level 5. HP: 28/28 MP: 7/11
   291 | D        | Reached XP level 6. HP: 32/32 MP: 7/12
   315 | D        | Found a deep blue altar of Sif Muna.
   316 | D        | Noticed a jelly
   317 | D        | Found a radiant altar of Vehumet.
   319 | D        | Killed a jelly
   325 | D        | Became a worshipper of Vehumet
   326 | D        | Found Eghis's Weapon Emporium.
   326 | D        | Found a white marble altar of Elyvilon.
   326 | D        | Found a burning altar of Makhleb.
   326 | D        | Found a sacrificial altar of Ru.
   326 | D        | Found a glowing golden altar of the Shining One.
   326 | D        | Found an opulent altar of Gozag.
   326 | D        | Found a glowing silver altar of Zin.
   326 | D        | Noticed a yak
   328 | D        | Killed a yak
   328 | D        | Reached skill level 15 in Earth Magic
   329 | D        | Found a stormy altar of Qazlal.
   329 | D        | Found a basalt altar of Yredelemnul.
   329 | D        | Found an iron altar of Okawaru.
   329 | D        | Found a sparkling altar of Nemelex Xobeh.
   329 | D        | Found a shimmering altar of Xom.
   329 | D        | Found an ancient bone altar of Kikubaaqudgha.
   330 | D        | Found a bloodstained altar of Trog.
   354 | D        | Noticed Sonja
   361 | D        | Learned a level 4 spell: Petrify
   367 | D        | Learned a level 5 spell: Lee's Rapid Deconstruction
   387 | D        | Killed Sonja
   387 | D        | Reached skill level 17 in Earth Magic
   387 | D        | Reached XP level 7. HP: 12/36 MP: 0/13
   514 | D        | Killed a gargoyle
   622 | D        | Noticed a deep troll
   633 | D        | Killed a deep troll
   633 | D        | Acquired Vehumet's first power
   633 | D        | Offered knowledge of Shock by Vehumet.
   633 | D        | Reached skill level 18 in Earth Magic
   633 | D        | Reached XP level 8. HP: 9/41 MP: 11/14
   886 | D        | Found a viscous altar of Jiyva.
   886 | D        | Found a blossoming altar of Fedhas.
   886 | D        | Noticed a slime creature
   888 | D        | Found a snail-covered altar of Cheibriados.
   888 | D        | Found a shadowy altar of Dithmenos.
   891 | D        | Killed a slime creature
   942 | D        | Noticed a kobold demonologist
   943 | D        | Noticed a kobold demonologist
   944 | D        | Noticed a smoke demon
   949 | D        | Killed a smoke demon
   949 | D        | Killed a kobold demonologist
   949 | D        | Offered knowledge of Freeze by Vehumet.
   949 | D        | Reached skill level 5 in Short Blades
   949 | D        | Reached skill level 5 in Spellcasting
   949 | D        | Reached skill level 19 in Earth Magic
   949 | D        | Reached XP level 9. HP: 42/45 MP: 7/19
   949 | D        | Killed a kobold demonologist
  1277 | D        | Found Ocag's Armour Boutique.
  1285 | D        | Bought a +2 pair of boots of stealth for 215 gold pieces
  1296 | D        | Noticed a shining eye
  1296 | D        | Noticed a shining eye
  1296 | D        | Noticed a shining eye
  1296 | D        | Gained mutation: Your magical capacity is low (-10% MP). [a shining eye]
  1298 | D        | Paralysed by a giant eyeball for 2 turns
  1300 | D        | Noticed a shining eye
  1300 | D        | Noticed a shining eye
  1302 | D        | Gained mutation: Your body sometimes deteriorates upon taking damage. [a shining eye]
  1304 | D        | Killed a shining eye
  1304 | D        | Offered knowledge of Ignite Poison by Vehumet.
  1304 | D        | Reached skill level 5 in Dodging
  1398 | D        | Acquired Vehumet's second power
  1401 | D        | Killed a shining eye
  1401 | D        | Reached skill level 5 in Stealth
  1458 | D        | Paralysed by a giant eyeball for 2 turns
  1460 | D        | Killed a shining eye
  1460 | D        | Offered knowledge of Static Discharge by Vehumet.
  1461 | D        | Noticed a shining eye
  1461 | D        | Acquired Vehumet's third power
  1462 | D        | Killed a shining eye
  1463 | D        | Killed a shining eye
  1463 | D        | Reached XP level 10. HP: 50/50 MP: 2/23
  1577 | D        | Killed a shining eye
  1577 | D        | Reached skill level 10 in Spellcasting
  1620 | D        | Noticed a shining eye
  1620 | D        | Noticed a shining eye
  1661 | D        | Gained mutation: You tend to lose your temper in combat. [a shining eye]
  1665 | D        | Killed a shining eye
  1665 | D        | Offered knowledge of Bolt of Magma by Vehumet.
  1665 | D        | Reached skill level 20 in Earth Magic
  1674 | D        | Killed a shining eye
  1683 | D        | Found Fuatix Jah's Weapon Shoppe.
  1683 | D        | Found Henolay's Distillery.
  1683 | D        | Found Qeolozas's Distillery.
  1684 | D        | Found Sateral's General Store.
  1689 | D        | Bought a potion of mutation for 27 gold pieces
  1689 | D        | Gained mutation: Your flesh is cold resistant. [potion of mutation]
  1689 | D        | Gained mutation: Your muscles are strong. (Str +2) [potion of mutation]
  1732 | D        | Found Miraff's Armour Emporium.
  1742 | D        | Bought the cursed +0 shield "Lioruz" {rF+ Regen+ Int+2 Dex-2} for 217 gold pieces
  1750 | D        | Noticed a centaur warrior
  1784 | D        | Noticed a centaur warrior
  1792 | D        | Killed a centaur warrior
  1792 | D        | Reached skill level 1 in Fighting
  1805 | D        | Killed a centaur warrior
  1919 | D        | Noticed a wasp
  1923 | D        | Killed a wasp
  1923 | D        | Offered knowledge of Iron Shot by Vehumet.
  1948 | D        | Learned a level 6 spell: Iron Shot
  1948 | D        | Noticed an oklob plant
  2233 | D        | Killed an oklob plant
  2367 | D        | Noticed a trapdoor spider
  2372 | D        | Killed a trapdoor spider
  2379 | D        | Noticed a trapdoor spider
  2384 | D        | HP: 2/56 [trapdoor spider (12)]
  2655 | D        | Killed a trapdoor spider
  2671 | D        | Noticed a trapdoor spider
  2680 | D        | Killed a trapdoor spider
  2894 | D        | Noticed a trapdoor spider
  2898 | D        | Killed a trapdoor spider
  2898 | D        | Reached skill level 10 in Dodging
  2898 | D        | Reached XP level 11. HP: 48/60 MP: 26/26
  2919 | D        | HP: 2/60 [something (5)]
  2921 | D        | Killed an unseen horror
  2921 | D        | Reached skill level 5 in Shields
  2925 | D        | Quit the game

Dungeon Overview and Level Annotations

Branches:
Dungeon (1/1)

Altars:
Cheibriados
Dithmenos
Elyvilon
Fedhas
Gozag
Kikubaaqudgha
Makhleb
Nemelex Xobeh
Okawaru
Qazlal
Ru
Sif Muna
Trog
Vehumet
Xom
Yredelemnul
Zin
The Shining One
Jiyva

Shops:
D [(!(*![


Message History

Something hits you! Something hits you! Something barely misses you.
You see here a curare-tipped needle.
You barely miss something. Something closely misses you. Something hits you.
Drink which item? (? for menu, Esc to quit)
You feel much better. Something hits you!
Drink which item? (? for menu, Esc to quit)
Okay, then.
Firing (i - inventory):
m - 2 curare-tipped needles (quivered)
Press: ? - help, Shift-Dir - straight line
Okay, then.
Casting: Lee's Rapid Deconstruction
Confirm with . or Enter, or press ? or * to list all spells.
Aiming: Lee's Rapid Deconstruction
Press: ? - help, Dir - move target cursor The wall shatters!
The blast of rock fragments hits something.
Vehumet accepts your kill.
You feel your power returning.
Reactivating autopickup.
Your Shields skill increases to level 5!
You feel your intelligence returning.
You feel a bit more experienced.
You are starving!
Something hits you.
Deactivating autopickup; reactivate with Ctrl-A.
Unknown command.
Something hits you but does no damage. Something hits you!
Something closely misses you.
You see here a curare-tipped needle.
You don't have the energy to cast that spell.
You don't have the energy to cast that spell.
You don't have the energy to cast that spell.
Firing (i - inventory):
m - 2 curare-tipped needles (quivered)
Press: ? - help, Shift-Dir - straight line
Aim: Disturbance (purple smoke)
You shoot a curare-tipped needle. Something hits you.
Are you sure you want to abandon this character and quit the game? (Confirm with "yes".)
Okay, then.
Are you sure you want to abandon this character and quit the game? (Confirm with "yes".)

There were no monsters in sight!

Vanquished Creatures
  2 centaur warriors (D)
  Sonja (D)
  A deep troll (D)
  An unseen horror (D)
  An oklob plant (D)
  8 shining eyes (D)
  2 kobold demonologists (D)
  A slime creature (D)
  4 trapdoor spiders (D)
  Sigmund (D)
  A yak (D)
  A wasp (D)
  An ogre (D)
  Ijyb (D)
  A jelly (D)
  5 giant eyeballs (D)
  A ballistomycete (D)
33 creatures vanquished.

Vanquished Creatures (others)
  A gargoyle (D)
  2 giant spores (D)
3 creatures vanquished.

Grand Total: 36 creatures vanquished

Action                   |  1- 3 |  4- 6 |  7- 9 | 10-12 || total
-------------------------+-------+-------+-------+-------++-------
Melee: Unarmed           |     3 |     1 |       |       ||     4
       Blowgun           |       |       |       |     2 ||     2
 Fire: Blowgun           |       |       |     1 |    11 ||    12
 Cast: Sandblast         |     9 |     7 |    18 |    14 ||    48
       Lee's Rapid Decon |       |     2 |    12 |    14 ||    28
       Petrify           |       |     1 |       |     3 ||     4
       Iron Shot         |       |       |       |     2 ||     2
  Use: Potion            |       |       |       |     4 ||     4
       Scroll            |       |       |       |     1 ||     1
  Eat: Bread ration      |       |       |     1 |       ||     1
       Meat ration       |       |       |       |     1 ||     1

Vault maps used:
D:        dungeon_sprint_1
